 Dungeon Crawl Stone Soup version 0.31-a0-672-g7da72447bb (webtiles) character file.

Game seed: 10327629244358194304

69 garrulousMonolith the Firebug (level 4, -1/35 HPs)
             Began as a Draconian Fire Elementalist on Sept 4, 2023.
             Slain by an ogre
             ... wielding a +0 giant spiked club
              (20 damage)
             ... on level 4 of the Dungeon.
             The game lasted 00:04:32 (2846 turns).

garrulousMonolith the Firebug (DrFE)                Turns: 2846, Time: 00:04:33

Health: -1/35      AC:  5    Str:  9 (10) XL:     4   Next: 2%
Magic:  3/7        EV: 12    Int: 16 (17) God:
Gold:   154        SH:  0    Dex:  9 (12) Spells: 1/7 levels left

rFire   . . .        b - +0 dagger
rCold   . . .        (no shield)
rNeg    . . .        (body armour unavailable)
rPois   .            (helmet restricted)
rElec   .            (no cloak)
rCorr   .            (no gloves)
SInv    .            (no boots)
Will    .....        (no amulet)
Stlth   ++           (no ring)
HPRegen 0.25/turn    (no ring)
MPRegen 0.10/turn

%: no passive effects
@: no status effects
A: AC +5, unfitting armour, cold-blooded
a: no special abilities


You were on level 4 of the Dungeon.
You visited 1 branch of the dungeon, and saw 4 of its levels.

You collected 154 gold pieces.

Inventory:

Hand Weapons
 b - a +0 dagger (weapon)
Missiles
 c - 2 darts of dispersal
Wands
 o - a wand of charming (11)
Scrolls
 d - a scroll of poison
 e - a scroll of enchant armour {unknown}
 f - a scroll of amnesia {unknown}
 g - 2 scrolls of identify
 h - 3 scrolls of noise {unknown}
 i - 4 scrolls of teleportation
 j - a scroll of silence {unknown}
Potions
 a - a potion of magic
 k - a potion of enlightenment
 l - a potion of haste
 n - a potion of lignification {unknown}


   Skills:
 + Level 1.1 Fighting
 + Level 2.3 Dodging
 - Level 1.7 Stealth
 + Level 2.4 Spellcasting
 * Level 2.2 Conjurations
 * Level 3.5 Fire Magic


You had one spell level left.
You knew the following spells:

 Your Spells              Type           Power      Damage    Failure   Level
a - Foxfire               Conj/Fire      44%        2x1d6     6%          1
b - Scorch                Fire           26%        2d6       7%          2
c - Volatile Blastmotes   Fire/Tloc      14%        2d11      28%         3

Your spell library contained the following spells:

 Spells                   Type           Power      Damage    Failure   Level
 Inner Flame              Hex/Fire       7%         N/A       28%         3
 Flame Wave               Conj/Fire      11%        2d6       52%         4
 Fulminant Prism          Conj/Hex       2%         3d5       77%         4
 Iskenderun's Mystic Bla  Conj/Tloc      5%         2d3       77%         4
 Animate Dead             Necr           1%         N/A       89%         4
 Haunt                    Necr/Summ      0%         N/A       100%        7
 Infestation              Necr           0%         N/A       100%        8


Dungeon Overview and Level Annotations

Branches:
Dungeon (4/15)
 Temple: D:4-7

Altars:
Okawaru
Ru

Annotations:
D:3 1 transporter, Sigmund; freelancePsychic's ghost, weakling MiCj


Innate Abilities, Weirdness & Mutations

Your plain brown scales are hard. (AC +5)
You cannot fit into any form of body armour.
You are cold-blooded and may be slowed by cold attacks.


Message History

k - a potion of enlightenment
There is a stone staircase leading up here.
You fly upwards.
Reactivating autopickup.
There is a stone staircase leading down here.
You start resting.
Your extra speed is starting to run out.
You start resting.
You feel yourself slow down.
You start resting.
You are starting to lose your buoyancy.
You start resting.
You float gracefully downwards.
HP restored.
Your enlightenment fades.
There is a stone staircase leading down here.
You climb downwards.
Level annotation: 1 transporter, Sigmund; freelancePsychic's ghost, weakling MiCj
There is a stone staircase leading up here.
Found a stone staircase leading down.
There is a stone staircase leading down here.
You climb downwards.
There is a stone staircase leading up here.
Casting: Foxfire (safe; 6% risk of failure)
Confirm with . or Enter, or press ? or * to list all spells.
There is not enough space to conjure foxfire!
Casting: Foxfire (safe; 6% risk of failure)
Confirm with . or Enter, or press ? or * to list all spells.
Flames lash the ogre.
The ogre is moderately wounded.
The ogre's fire resistance burns away.
The ogre hits you with a +0 giant spiked club!
Casting: Scorch (safe; 7% risk of failure)
Confirm with . or Enter, or press ? or * to list all spells.
Flames lash the ogre.
The ogre is burned terribly!
The ogre is severely wounded.
You hear a shout!
The ogre hits you with a +0 giant spiked club!!
Ouch! That really hurt!
You die...

####
#..
#O#
#@#
###


You could see an ogre (combustible).

Vanquished Creatures
  A worm (D:2)
  A dart slug (D:2)
  2 bats (D:2)
  7 endoplasms
  9 goblins
  5 hobgoblins
  5 jackals (D:1)
  3 kobolds (D:1)
  4 quokkas
  8 ball pythons
  8 frilled lizards
  3 rats
56 creatures vanquished.

Vanquished Creatures (others)
  147 foxfires
147 creatures vanquished.

Grand Total: 203 creatures vanquished

Notes
Turn   | Place    | Note
-------+----------+-------------------------------------------
     0 | D:1      | garrulousMonolith the Draconian Fire Elementalist began the
                  | quest for the Orb.
     0 | D:1      | Reached XP level 1. HP: 14/14 MP: 3/3
   247 | D:1      | Reached XP level 2. HP: 22/22 MP: 1/5
   250 | D:1      | Learned a level 2 spell: Scorch
   730 | D:1      | Reached skill level 1 in Fighting
   850 | D:1      | Reached XP level 3. HP: 28/28 MP: 2/6
   854 | D:1      | Learned a level 3 spell: Volatile Blastmotes
  1996 | D:2      | Found an iron altar of Okawaru.
  2610 | D:3      | Found a sacrificial altar of Ru.
  2612 | D:3      | Noticed Sigmund
  2625 | D:3      | Found a transporter.
  2626 | D:3      | Noticed freelancePsychic's ghost (weakling MiCj)
  2627 | D:3      | Noticed an ogre
  2627 | D:3      | Noticed an ogre
  2668 | D:3      | Reached XP level 4. HP: 35/35 MP: 3/7
  2843 | D:4      | Noticed an ogre
  2846 | D:4      | Slain by an ogre

Illustrated notes

Levels and vault maps discovered:
D:1:      scummos_arrival_checkerplants, layout_basic, corexii_corridor_pit,
          minmay_pentomino_v4
D:2:      layout_basic, basic_altar, minmay_tripent
D:3:      layout_loops_ring, trog_wizard, lemuel_tele_altar,
          gammafunk_ghost_smash, uniq_sigmund
D:4:      layout_basic, zin_academy, minmay_temple_entry_glassed_door

Skill      XL: |  1  2  3 |
---------------+----------+-----
Dodging        | 2 |  2.3
Fighting       | 1 |  1.1
Conjurations   | 2 |  2.2
Stealth        | |  1.7
Spellcasting   | |  2.4
Fire Magic     | |  3.5

Action                     |  1- 3 |  4- 6 || total
---------------------------+-------+-------++-------
  Melee: Dagger            |    16 |       ||    16
         Tailslap          |     2 |       ||     2
   Cast: Foxfire           |    91 |     3 ||    94
         Scorch            |     3 |     2 ||     5
    Use: Scroll            |     3 |       ||     3
         Potion            |       |     3 ||     3
 Armour: Skin              |    18 |     3 ||    21
  Dodge: Dodged            |    21 |     1 ||    22

Table legend: (Time is in decaauts)
 A = Elapsed time spent in this place.
 B = Non-inter-level travel time spent in this place.
 C = Inter-level travel time spent in this place.
 D = Time resting spent in this place.
 E = Time spent auto-exploring this place.
 F = Levels seen in this place.
 G = Mean time per level.
                   A        B        C        D        E       F      G
               +--------+--------+--------+--------+--------+-----+--------+
         Total |   2830 |   2766 |     64 |    512 |   1792 |   4 |  707.5 |
       Dungeon |   2830 |   2766 |     64 |    512 |   1792 |   4 |  707.5 |
               +--------+--------+--------+--------+--------+-----+--------+

Top non-repeatable levels by time:
     D:1: 1641 daAuts
     D:2: 940 daAuts
     D:3: 245 daAuts
     D:4: 2 daAuts
